 Dungeon Crawl Stone Soup version 0.29.1-2-gbd0b4ee654 (webtiles) character file.

Game seed: 13419632977730458188

86 whiskeysaurus the Conjurer (level 4, -10/33 HPs)
             Began as a Draconian Conjurer on Nov 21, 2022.
             Was an Initiate of Sif Muna.
             Mangled by an orc warrior
             ... wielding a +1 vampiric short sword
              (12 damage)
             ... on level 4 of the Dungeon.
             The game lasted 00:05:47 (3107 turns).

whiskeysaurus the Conjurer (Draconian Conjurer)     Turns: 3107, Time: 00:05:49

Health: -10/33     AC:  5    Str: 10    XL:     4   Next: 27%
Magic:  8/8        EV: 12    Int: 20    God:    Sif Muna [......]
Gold:   51         SH:  0    Dex:  9    Spells: 7/8 levels left

rFire   . . .      SeeInvis .   r - staff of cold
rCold   + . .      Faith    .   (no shield)
rNeg    . . .      Spirit   .   (body armour unavailable)
rPois   .          Reflect  .   (helmet restricted)
rElec   .          Harm     .   (no cloak)
rCorr   +          Rampage  .   (no gloves)
Will    .....                   (no boots)
Stlth   ++........              o - amulet of the acrobat
HPRegen 0.11/turn               l - ring of resist corrosion
MPRegen 0.11/turn               (no ring)

@: no status effects
A: AC +5, unfitting armour, cold-blooded
a: Renounce Religion


You were on level 4 of the Dungeon.
You worshipped Sif Muna.
Sif Muna was noncommittal.
You visited 2 branches of the dungeon, and saw 5 of its levels.

You collected 90 gold pieces.
You spent 39 gold pieces at shops.

Inventory:

Missiles
 m - 20 stones
Magical Staves
 r - a staff of cold (weapon)
Jewellery
 f - a ring of fire
 l - a ring of resist corrosion (left hand)
 o - an amulet of the acrobat (around neck)
Wands
 v - a wand of digging (3)
Scrolls
 b - a scroll of identify {unknown}
 d - a scroll of amnesia {unknown}
 e - a scroll of fear {unknown}
 i - a scroll of brand weapon {unknown}
 k - a scroll of vulnerability {unknown}
 p - 5 scrolls of noise {unknown}
 q - a scroll of teleportation
 t - a scroll of fog {unknown}
Potions
 c - a potion of lignification {unknown}
 g - 2 potions of berserk rage {unknown}
 h - a potion of flight {unknown}
 j - a potion of resistance {unknown}
 n - 2 potions of heal wounds {unknown}
 s - a potion of attraction {unknown}
 u - a potion of invisibility {unknown}
 w - a potion of curing {unknown}


   Skills:
 + Level 2.5 Dodging
 + Level 2.6 Stealth
 + Level 2.6 Spellcasting
 + Level 4.5 Conjurations


You had 7 spell levels left.
You knew the following spells:

 Your Spells              Type           Power      Damage    Failure   Level
a - Magic Dart            Conj           80%        1d7       2%          1

Your spell library contained the following spells:

 Spells                   Type           Power      Damage    Failure   Level
 Searing Ray              Conj           40%        2d5       3%          2
 Dazzling Flash           Conj/Hex       22%        N/A       17%         3
 Fulminant Prism          Conj/Hex       5%         3d7       50%         4
 Iskenderun's Mystic Bla  Conj/Tloc      11%        2d4       50%         4


Dungeon Overview and Level Annotations

Branches:
Dungeon (4/15)             Temple (1/1) D:4

Altars:
Ashenzari
Cheibriados
Dithmenos
Elyvilon
Gozag
Hepliaklqana
Kikubaaqudgha
Makhleb
Okawaru
Qazlal
Ru
Sif Muna
Trog
Uskayaw
Vehumet
Wu Jian
Xom
Zin
The Shining One

Shops:
D:2 ?


Innate Abilities, Weirdness & Mutations

Your plain brown scales are hard. (AC +5)
You cannot fit into any form of body armour.
You are cold-blooded and may be slowed by cold attacks.


Message History

The orc warrior closely misses you.
The magic dart hits the orc warrior.
The orc warrior is lightly wounded.
The orc warrior closely misses you.
The magic dart hits the orc warrior but does no damage.
The orc warrior is lightly wounded.
The orc warrior hits you with a +1 vampiric short sword!
The orc warrior draws strength from your wounds!
You are too injured to fight recklessly!
You are too injured to fight recklessly!
You are too injured to fight recklessly!
Casting: Magic Dart (safe; 2% risk of failure)
Confirm with . or Enter, or press ? or * to list all spells.
Aiming: Magic Dart (safe; 2% risk of failure)
Press: ? - help, Shift-Dir - straight line, f/p - orc warrior
Aim: an orc warrior, wielding a +1 vampiric short sword and wearing a +0 plate armour (100% to hit)
The magic dart hits the orc warrior but does no damage.
The orc warrior hits you with a +1 vampiric short sword!
* * * LOW HITPOINT WARNING * * *
Casting: Magic Dart (safe; 2% risk of failure)
Confirm with . or Enter, or press ? or * to list all spells.
Aiming: Magic Dart (safe; 2% risk of failure)
Press: ? - help, Shift-Dir - straight line, f/p - orc warrior
Aim: an orc warrior, wielding a +1 vampiric short sword and wearing a +0 plate armour (100% to hit)
The magic dart hits the orc warrior but does no damage.
The orc warrior barely misses you.
Casting: Magic Dart (safe; 2% risk of failure)
Confirm with . or Enter, or press ? or * to list all spells.
You don't have enough magic to cast this spell.
Magic courses through your body.
The orc warrior hits you with a +1 vampiric short sword.
* * * LOW HITPOINT WARNING * * *
Casting: Magic Dart (safe; 2% risk of failure)
Confirm with . or Enter, or press ? or * to list all spells.
Aiming: Magic Dart (safe; 2% risk of failure)
Press: ? - help, Shift-Dir - straight line, f/p - orc warrior
Aim: an orc warrior, wielding a +1 vampiric short sword and wearing a +0 plate armour (100% to hit)
The magic dart hits the orc warrior but does no damage.
The orc warrior hits you with a +1 vampiric short sword!
You die...

.##.........o..#..#
####...........##
#..##.......#
#...........#
##.........<##
...........###
.............#
.......o..##$.#
.......@.## ...#
........## ..#
.......## #.#
..#>... .. . ###..
#.. #.. ...


You could see an orc warrior.

Vanquished Creatures
  3 adders
  2 dart slugs (D:3)
  7 orcs
  2 endoplasms
  6 giant cockroaches
  5 hobgoblins
  3 kobolds (D:3)
  A quokka (D:3)
  5 ball pythons
  2 bats
  3 frilled lizards
  6 goblins
  A rat (D:3)
46 creatures vanquished.

Vanquished Creatures (others)
  A fungus (D:2)
  3 plants (D:2)
4 creatures vanquished.

Grand Total: 50 creatures vanquished

Notes
Turn   | Place    | Note
-------+----------+-------------------------------------------
     0 | D:1      | whiskeysaurus the Draconian Conjurer began the quest for
                  | the Orb.
     0 | D:1      | Reached XP level 1. HP: 14/14 MP: 3/3
   627 | D:1      | Reached XP level 2. HP: 12/20 MP: 1/5
  1189 | D:2      | Found a faded altar of an unknown god.
  1253 | D:2      | Found Bakkeu's Magic Scroll Emporium.
  1265 | D:2      | Bought a scroll of teleportation for 39 gold pieces
  1469 | D:2      | Reached XP level 3. HP: 25/26 MP: 3/6
  2438 | D:3      | Reached XP level 4. HP: 33/33 MP: 0/7
  2664 | D:4      | Found a staircase to the Ecumenical Temple.
  2674 | D:4      | Found a sacrificial altar of Ru.
  2694 | Temple   | Entered the Ecumenical Temple
  2958 | Temple   | Became a worshipper of Sif Muna the Loreminder
  3007 | D:4      | Noticed an orc warrior
  3107 | D:4      | Mangled by an orc warrior

Illustrated notes

Levels and vault maps discovered:
D:1:      minmay_arrival_arboretum_small, layout_loops_ring
D:2:      layout_basic, dreamdust_ecumenical_altar_grove, serial_shops,
          shop_scrolls, kennysheep_nondescript, minmay_worlds_worst_comb
D:3:      layout_rooms, chequers_mini_garden, serial_park_tiny_1
D:4:      minmay_clustersquares, layout_layer_cave, nicolae_overflow_squiral,
          nicolae_ru_awakened_eye, minmay_temple_entry_sparse_star,
          grunt_tough_drop, uniq_blork_the_orc
Temple:   dpeg_five_rooms_temple

Skill      XL: |  1 |
---------------+----+-----
Stealth        | 2 |  2.6
Dodging        | 2 |  2.5
Spellcasting   | |  2.6
Conjurations   | |  4.5

Action                   |  1- 3 |  4- 6 || total
-------------------------+-------+-------++-------
Melee: Unarmed           |    15 |       ||    15
       Tailslap          |     1 |       ||     1
       Punch             |     1 |       ||     1
       Staff             |       |     3 ||     3
 Cast: Magic Dart        |    90 |    21 ||   111
  Use: Potion            |       |     1 ||     1
Armor: Skin              |     5 |     1 ||     6
Dodge: Dodged            |    14 |     4 ||    18
